[ AOE2 MATCH · #476783886 ]
UnrankedPersians vs Japanese
[ REPLAY ANALYSIS · EXTRACTED FROM THE RECORDED GAME ]
Feudal
10:54
Castle
14:32
Imperial
—
| APM avg | 30.9 |
| APM peak | 60 |
| eAPM avg | 14.8 |
| Villagers / military | 185 / 1 |
Focus
⚔️ 4.0% · 🌾 96.0%
Monk ×1
Feudal
11:22
Castle
—
Imperial
—
| APM avg | 53.4 |
| APM peak | 107 |
| eAPM avg | 26.7 |
| Villagers / military | 32 / 14 |
Focus
⚔️ 25.4% · 🌾 74.6%
Archer ×12 · Spearman ×2
Feudal
8:50
Castle
19:29
Imperial
—
| APM avg | 34.4 |
| APM peak | 71 |
| eAPM avg | 18.5 |
| Villagers / military | 84 / 10 |
Focus
⚔️ 21.2% · 🌾 78.8%
Archer ×6 · Militia ×4
Feudal
11:19
Castle
15:23
Imperial
—
| APM avg | 45.6 |
| APM peak | 79 |
| eAPM avg | 20.5 |
| Villagers / military | 54 / 38 |
Focus
⚔️ 35.6% · 🌾 64.4%
Steppe Lancer ×38
Feudal
12:06
Castle
14:55
Imperial
—
| APM avg | 20.3 |
| APM peak | 47 |
| eAPM avg | 12.7 |
| Villagers / military | 83 / 0 |
Focus
⚔️ 7.6% · 🌾 92.4%
Feudal
11:59
Castle
17:14
Imperial
—
| APM avg | 39.6 |
| APM peak | 170 |
| eAPM avg | 20.6 |
| Villagers / military | 62 / 27 |
Focus
⚔️ 28.9% · 🌾 71.1%
Conquistador ×21 · Archer ×5 · Mangonel ×1
Feudal
12:12
Castle
16:32
Imperial
—
| APM avg | 25.0 |
| APM peak | 47 |
| eAPM avg | 14.6 |
| Villagers / military | 121 / 2 |
Focus
⚔️ 12.5% · 🌾 87.5%
Monk ×2
Feudal
10:53
Castle
21:10
Imperial
—
| APM avg | 26.0 |
| APM peak | 55 |
| eAPM avg | 15.6 |
| Villagers / military | 76 / 22 |
Focus
⚔️ 25.4% · 🌾 74.6%
War Wagon ×19 · Petard ×2 · Iron Pagoda ×1
Match map
Initial resources + every placement click. Lines = walls · curves = elevation contours. ◆ gold · ⬟ stone · ● berries · ✦ relic · ◌ wall gap
Your base· ✓ Closed at 14:32 · 0t walls · fragile
Diegote's base· ✓ Closed at 12:00 · 29t walls · fragile
10jason07's base· ✓ Closed at 19:29 · 0t walls · fragile
word.exe's base· ✓ Closed at 15:23 · 0t walls · 1 gate(s) · fragile
momotte21's base· ✓ Closed at 14:55 · 0t walls · fragile
Blas de lezo's base· ✓ Closed at 17:14 · 19t walls · fragile
阿海's base· ✓ Closed at 16:32 · 0t walls · fragile
S.T.A.R.S. Wesker's base· ✓ Closed at 21:10 · 43t walls · fragile
Smoothed initial terrain · ◌ = detected wall gap · hover for details
Inputs per minute
— Basara - - Diegote
Build order — Basara
First 150 of 277 actions detected
| 0:03 | Create | Villager (Male) ×5 |
| 0:03 | Create | Villager (Male) ×5 |
| 0:07 | Build | House |
| 0:08 | Build | House |
| 1:34 | Create | Villager (Male) |
| 1:34 | Create | Villager (Male) |
| 1:50 | Build | Lumber Camp |
| 2:09 | Create | Villager (Male) |
| 2:09 | Create | Villager (Male) |
| 2:27 | Create | Villager (Male) |
| 2:27 | Create | Villager (Male) |
| 3:08 | Create | Villager (Male) ×2 |
| 3:08 | Create | Villager (Male) ×2 |
| 3:19 | Build | House |
| 3:54 | Create | Villager (Male) ×2 |
| 3:54 | Create | Villager (Male) ×2 |
| 4:14 | Build | Mill |
| 4:43 | Build | House |
| 4:52 | Create | Villager (Male) |
| 4:52 | Create | Villager (Male) |
| 5:07 | Create | Villager (Male) |
| 5:08 | Create | Villager (Male) |
| 5:25 | Build | House |
| 5:36 | Create | Villager (Male) ×3 |
| 5:36 | Create | Villager (Male) ×3 |
| 6:34 | Create | Villager (Male) |
| 6:34 | Create | Villager (Male) |
| 6:35 | Create | Villager (Male) |
| 6:59 | Create | Villager (Male) |
| 7:31 | Build | Farm |
| 7:32 | Build | Farm |
| 7:49 | Create | Villager (Male) |
| 8:16 | Build | Mining Camp |
| 8:21 | Research | Feudal Age |
| 8:45 | Build | Farm |
| 9:14 | Build | Farm |
| 9:57 | Create | Villager (Male) |
| 9:57 | Create | Villager (Male) |
| 10:54 | Age | Feudal Age |
| 11:09 | Build | Market |
| 11:22 | Build | Blacksmith |
| 11:26 | Create | Villager (Male) |
| 12:07 | Research | Castle Age |
| 12:07 | Research | Castle Age |
| 12:07 | Research | Castle Age |
| 12:18 | Build | House |
| 12:57 | Build | House |
| 12:59 | Build | House |
| 13:00 | Build | House |
| 13:01 | Build | House |
| 13:21 | Research | Double-Bit Axe |
| 13:25 | Research | Horse Collar |
| 14:03 | Create | Villager (Male) |
| 14:04 | Create | Villager (Male) |
| 14:32 | Age | Castle Age |
| 14:37 | Build | Town Center |
| 14:54 | Build | Town Center |
| 14:59 | Research | Bow Saw |
| 15:01 | Create | Villager (Male) |
| 15:04 | Research | Heavy Plow |
| 15:31 | Create | Villager (Male) |
| 15:31 | Create | Villager (Male) |
| 15:38 | Build | Farm |
| 15:43 | Build | Farm |
| 15:48 | Build | Farm |
| 15:53 | Build | Farm |
| 16:05 | Create | Villager (Male) |
| 16:05 | Create | Villager (Male) |
| 16:05 | Create | Villager (Male) |
| 16:19 | Build | Farm |
| 16:20 | Build | Farm |
| 16:21 | Build | Farm |
| 16:21 | Build | Farm |
| 16:31 | Create | Villager (Male) |
| 16:31 | Create | Villager (Male) |
| 16:31 | Create | Villager (Male) |
| 16:44 | Create | Villager (Male) |
| 16:44 | Create | Villager (Male) |
| 16:50 | Create | Villager (Male) |
| 16:50 | Create | Villager (Male) |
| 17:14 | Build | Farm |
| 17:16 | Create | Villager (Male) |
| 17:17 | Create | Villager (Male) |
| 17:25 | Create | Villager (Male) |
| 17:25 | Create | Villager (Male) |
| 17:38 | Build | Town Center |
| 17:44 | Create | Villager (Male) |
| 17:45 | Create | Villager (Male) |
| 17:49 | Create | Villager (Male) |
| 17:50 | Create | Villager (Male) |
| 17:56 | Build | Farm |
| 17:56 | Build | Farm |
| 17:58 | Build | Farm |
| 17:59 | Build | Farm |
| 18:05 | Create | Villager (Male) |
| 18:05 | Create | Villager (Male) |
| 18:15 | Create | Villager (Male) |
| 18:15 | Create | Villager (Male) ×2 |
| 18:15 | Create | Villager (Male) |
| 18:37 | Create | Villager (Male) ×2 |
| 18:37 | Create | Villager (Male) ×2 |
| 18:45 | Create | Villager (Male) |
| 18:45 | Create | Villager (Male) |
| 18:45 | Create | Villager (Male) |
| 18:51 | Build | Farm |
| 18:59 | Create | Villager (Male) |
| 18:59 | Create | Villager (Male) |
| 18:59 | Create | Villager (Male) |
| 19:06 | Build | Farm |
| 19:07 | Build | Farm |
| 19:09 | Create | Villager (Male) |
| 19:10 | Create | Villager (Male) |
| 19:18 | Build | Farm |
| 19:21 | Build | Farm |
| 19:22 | Build | Farm |
| 19:23 | Build | Farm |
| 19:24 | Build | Farm |
| 19:26 | Create | Villager (Male) ×2 |
| 19:26 | Create | Villager (Male) ×2 |
| 19:38 | Create | Villager (Male) |
| 19:46 | Build | Monastery |
| 19:51 | Build | Farm |
| 19:52 | Build | Farm |
| 19:53 | Build | Farm |
| 19:56 | Create | Villager (Male) ×2 |
| 19:56 | Create | Villager (Male) ×2 |
| 20:05 | Create | Villager (Male) |
| 20:05 | Create | Villager (Male) |
| 20:14 | Create | Villager (Male) |
| 20:14 | Create | Villager (Male) |
| 20:21 | Create | Villager (Male) |
| 20:21 | Create | Villager (Male) |
| 20:29 | Create | Villager (Male) |
| 20:29 | Create | Villager (Male) |
| 20:29 | Create | Villager (Male) |
| 20:36 | Create | Villager (Male) |
| 20:37 | Create | Villager (Male) |
| 20:48 | Build | Farm |
| 20:48 | Build | Farm |
| 20:48 | Build | Farm |
| 20:49 | Build | Farm |
| 20:49 | Build | Farm |
| 20:49 | Build | Farm |
| 20:50 | Build | Farm |
| 20:53 | Create | Villager (Male) ×3 |
| 20:59 | Build | House |
| 21:10 | Create | Villager (Male) ×2 |
| 21:10 | Create | Villager (Male) ×2 |
| 21:20 | Create | Villager (Male) ×2 |
| 21:20 | Create | Villager (Male) ×2 |
Build order — Diegote
111 actions detected in the replay
| 0:01 | Create | Villager (Male) |
| 0:01 | Create | Villager (Male) |
| 0:01 | Create | Villager (Male) |
| 0:02 | Create | Villager (Male) |
| 0:03 | Build | House |
| 0:04 | Build | House |
| 1:40 | Create | Villager (Male) |
| 1:40 | Create | Villager (Male) |
| 1:41 | Create | Villager (Male) |
| 1:55 | Research | Loom |
| 2:01 | Create | Villager (Male) |
| 2:01 | Create | Villager (Male) |
| 2:03 | Create | Villager (Male) |
| 2:03 | Create | Villager (Male) |
| 2:52 | Create | Villager (Male) |
| 2:52 | Create | Villager (Male) |
| 3:56 | Build | Palisade Wall |
| 3:57 | Build | Palisade Wall |
| 3:57 | Build | Palisade Wall |
| 3:57 | Build | Palisade Wall |
| 3:57 | Build | Palisade Wall |
| 3:58 | Build | Palisade Wall |
| 3:58 | Build | Palisade Wall |
| 3:59 | Build | Palisade Wall |
| 3:59 | Build | Palisade Wall |
| 4:00 | Build | Palisade Wall |
| 4:10 | Create | Villager (Male) |
| 4:10 | Create | Villager (Male) |
| 4:10 | Create | Villager (Male) |
| 4:11 | Create | Villager (Male) |
| 4:11 | Create | Villager (Male) |
| 5:09 | Create | Villager (Male) |
| 5:10 | Create | Villager (Male) |
| 5:10 | Create | Villager (Male) |
| 5:12 | Build | House |
| 5:36 | Build | Palisade Wall |
| 6:01 | Create | Villager (Male) |
| 6:01 | Create | Villager (Male) |
| 6:11 | Build | Palisade Wall |
| 6:12 | Build | Palisade Wall |
| 6:13 | Build | Palisade Wall |
| 6:30 | Create | Villager (Male) |
| 6:30 | Create | Villager (Male) |
| 6:59 | Build | Lumber Camp |
| 7:14 | Build | House |
| 8:49 | Build | Mining Camp |
| 8:58 | Build | Mill |
| 9:12 | Research | Feudal Age |
| 9:43 | Build | Palisade Wall |
| 10:15 | Build | Palisade Wall |
| 10:39 | Build | Barracks |
| 10:42 | Build | Palisade Wall |
| 10:43 | Build | Palisade Wall |
| 10:44 | Build | Palisade Wall |
| 11:22 | Age | Feudal Age |
| 11:26 | Create | Villager (Male) |
| 11:26 | Create | Villager (Male) |
| 11:27 | Create | Villager (Male) |
| 11:39 | Build | Watch Tower |
| 11:58 | Build | Archery Range |
| 12:00 | Build | Palisade Wall |
| 12:07 | Create | Villager (Male) |
| 12:08 | Create | Villager (Male) |
| 12:24 | Build | House |
| 12:55 | Create | Archer |
| 12:55 | Create | Archer |
| 13:15 | Create | Archer |
| 13:15 | Create | Archer |
| 13:20 | Create | Spearman |
| 13:20 | Create | Spearman |
| 13:43 | Build | Mining Camp |
| 13:54 | Create | Archer |
| 13:55 | Create | Archer |
| 14:22 | Build | House |
| 14:39 | Create | Archer |
| 14:39 | Create | Archer |
| 15:02 | Create | Villager (Male) |
| 15:02 | Create | Villager (Male) |
| 15:12 | Build | Watch Tower |
| 15:17 | Create | Archer |
| 15:17 | Create | Archer |
| 15:47 | Build | House |
| 16:03 | Build | Palisade Wall |
| 16:03 | Build | Palisade Wall |
| 16:04 | Build | Palisade Wall |
| 16:04 | Build | Palisade Wall |
| 16:37 | Build | Watch Tower |
| 17:03 | Build | Blacksmith |
| 17:06 | Create | Archer |
| 17:06 | Create | Archer |
| 17:34 | Build | Stone Wall |
| 17:42 | Build | Gate |
| 18:29 | Build | Stone Wall |
| 19:20 | Build | House |
| 19:22 | Build | Stone Wall |
| 19:24 | Build | Stone Wall |
| 19:43 | Build | House |
| 19:47 | Build | House |
| 19:49 | Build | Stone Wall |
| 19:53 | Build | House |
| 19:59 | Build | House |
| 20:45 | Build | Market |
| 21:12 | Build | Stone Wall |
| 21:32 | Build | Farm |
| 21:32 | Build | Farm |
| 21:33 | Build | Farm |
| 21:33 | Build | Farm |
| 21:33 | Build | Farm |
| 21:33 | Build | Farm |
| 21:34 | Build | Farm |
| 21:34 | Build | Farm |
Build order — 10jason07
First 150 of 170 actions detected
| 0:00 | Create | Villager (Male) |
| 0:01 | Create | Villager (Male) |
| 0:01 | Create | Villager (Male) |
| 0:03 | Build | House |
| 0:05 | Build | House |
| 0:17 | Create | Villager (Male) |
| 0:17 | Create | Villager (Male) |
| 1:17 | Create | Villager (Male) |
| 1:18 | Create | Villager (Male) |
| 1:21 | Build | Lumber Camp |
| 1:58 | Create | Villager (Male) |
| 1:58 | Create | Villager (Male) |
| 2:20 | Create | Villager (Male) |
| 2:47 | Create | Villager (Male) |
| 2:47 | Create | Villager (Male) |
| 3:04 | Create | Villager (Male) |
| 3:05 | Create | Villager (Male) |
| 3:24 | Build | House |
| 3:38 | Create | Villager (Male) |
| 3:38 | Create | Villager (Male) |
| 4:03 | Create | Villager (Male) |
| 4:03 | Create | Villager (Male) |
| 4:14 | Create | Villager (Male) |
| 4:15 | Create | Villager (Male) |
| 4:32 | Build | Barracks |
| 4:34 | Create | Villager (Male) |
| 5:06 | Create | Villager (Male) |
| 5:06 | Create | Villager (Male) |
| 5:06 | Create | Villager (Male) |
| 5:35 | Create | Villager (Male) |
| 5:53 | Research | Loom |
| 6:40 | Research | Feudal Age |
| 6:40 | Research | Feudal Age |
| 7:08 | Build | Mining Camp |
| 7:21 | Create | Militia |
| 7:32 | Build | House |
| 7:33 | Build | House |
| 7:38 | Create | Militia |
| 7:48 | Create | Militia |
| 8:04 | Create | Militia |
| 8:18 | Create | Villager (Male) |
| 8:50 | Age | Feudal Age |
| 8:58 | Research | Man-at-Arms (upgrade) |
| 8:58 | Research | Arson |
| 9:05 | Build | Archery Range |
| 9:15 | Build | Mill |
| 9:18 | Create | Villager (Male) |
| 9:18 | Create | Villager (Male) |
| 9:35 | Create | Villager (Male) |
| 9:36 | Create | Villager (Male) |
| 9:49 | Create | Archer |
| 9:50 | Create | Archer |
| 10:09 | Create | Villager (Male) |
| 10:19 | Create | Archer |
| 10:20 | Create | Villager (Male) |
| 10:20 | Create | Villager (Male) |
| 10:26 | Build | House |
| 10:27 | Build | House |
| 10:28 | Create | Villager (Male) |
| 10:36 | Create | Archer |
| 11:17 | Create | Villager (Male) |
| 11:38 | Create | Villager (Male) |
| 11:41 | Create | Villager (Male) |
| 11:53 | Create | Villager (Male) |
| 12:07 | Build | Lumber Camp |
| 12:12 | Create | Villager (Male) |
| 12:14 | Research | Horse Collar |
| 12:15 | Research | Double-Bit Axe |
| 12:18 | Build | Farm |
| 12:19 | Create | Villager (Male) |
| 12:26 | Build | Farm |
| 12:42 | Build | Farm |
| 12:43 | Create | Villager (Male) |
| 12:43 | Create | Villager (Male) |
| 12:47 | Build | Farm |
| 12:48 | Create | Villager (Male) |
| 12:49 | Create | Villager (Male) |
| 13:12 | Create | Villager (Male) |
| 13:12 | Create | Villager (Male) |
| 13:14 | Build | Farm |
| 13:16 | Build | Farm |
| 13:19 | Create | Villager (Male) |
| 13:31 | Create | Villager (Male) |
| 13:36 | Build | House |
| 13:37 | Build | House |
| 13:56 | Create | Villager (Male) |
| 14:00 | Build | Farm |
| 14:02 | Build | Farm |
| 14:07 | Build | Farm |
| 14:49 | Build | Farm |
| 14:51 | Build | Farm |
| 15:03 | Build | Farm |
| 15:07 | Build | Farm |
| 15:15 | Create | Villager (Male) |
| 15:37 | Build | Market |
| 15:40 | Create | Villager (Male) |
| 16:00 | Build | Mining Camp |
| 16:08 | Create | Villager (Male) |
| 16:35 | Research | Castle Age |
| 17:43 | Create | Villager (Male) |
| 19:29 | Age | Castle Age |
| 19:45 | Create | Villager (Male) |
| 19:51 | Research | Bow Saw |
| 19:55 | Build | Town Center |
| 19:59 | Create | Villager (Male) |
| 20:11 | Create | Villager (Male) |
| 20:16 | Build | Town Center |
| 20:21 | Build | Town Center |
| 20:23 | Research | Gold Mining |
| 20:34 | Create | Villager (Male) |
| 20:44 | Create | Villager (Male) |
| 20:56 | Create | Villager (Male) |
| 21:05 | Create | Villager (Male) |
| 21:25 | Build | Castle |
| 21:31 | Create | Villager (Male) |
| 21:32 | Create | Villager (Male) |
| 21:32 | Create | Villager (Male) |
| 21:35 | Build | Farm |
| 21:35 | Build | Farm |
| 21:35 | Build | Farm |
| 21:35 | Build | Farm |
| 21:39 | Create | Villager (Male) |
| 21:44 | Build | Farm |
| 21:44 | Build | Farm |
| 21:44 | Build | Farm |
| 21:44 | Build | Farm |
| 21:45 | Build | Farm |
| 21:47 | Create | Villager (Male) |
| 21:55 | Research | Wheelbarrow |
| 22:11 | Create | Villager (Male) |
| 22:17 | Build | House |
| 22:18 | Build | House |
| 22:20 | Build | House |
| 22:22 | Build | House |
| 22:28 | Create | Villager (Male) |
| 22:29 | Create | Villager (Male) |
| 22:30 | Create | Villager (Male) |
| 22:30 | Create | Villager (Male) |
| 22:36 | Create | Villager (Male) |
| 22:37 | Create | Villager (Male) |
| 22:40 | Build | Farm |
| 22:42 | Create | Villager (Male) |
| 22:54 | Create | Villager (Male) |
| 22:59 | Build | Lumber Camp |
| 23:22 | Create | Villager (Male) |
| 23:31 | Create | Villager (Male) |
| 23:55 | Create | Villager (Male) |
| 24:06 | Build | House |
| 24:07 | Build | House |
| 24:07 | Build | House |
Build order — word.exe
148 actions detected in the replay
| 0:01 | Create | Villager (Male) |
| 0:02 | Build | House |
| 0:04 | Build | House |
| 0:04 | Create | Villager (Male) |
| 0:04 | Create | Villager (Male) |
| 0:23 | Create | Villager (Male) |
| 1:37 | Create | Villager (Male) |
| 2:04 | Create | Villager (Male) |
| 2:10 | Create | Villager (Male) |
| 2:44 | Create | Villager (Male) |
| 3:18 | Create | Villager (Male) |
| 3:27 | Build | Lumber Camp |
| 3:28 | Create | Villager (Male) |
| 3:38 | Create | Villager (Male) |
| 4:00 | Create | Villager (Male) |
| 4:00 | Create | Villager (Male) |
| 4:14 | Create | Villager (Male) |
| 4:32 | Create | Villager (Male) |
| 4:42 | Research | Loom |
| 4:52 | Build | House |
| 4:53 | Build | House |
| 5:04 | Create | Villager (Male) |
| 5:04 | Create | Villager (Male) |
| 5:04 | Create | Villager (Male) |
| 5:52 | Create | Villager (Male) |
| 6:09 | Create | Villager (Male) |
| 6:10 | Create | Villager (Male) |
| 6:16 | Create | Villager (Male) |
| 7:07 | Build | Mill |
| 7:09 | Create | Villager (Male) |
| 8:32 | Create | Villager (Male) |
| 8:44 | Build | Barracks |
| 8:52 | Build | Mining Camp |
| 9:09 | Research | Feudal Age |
| 9:31 | Build | House |
| 9:34 | Create | Villager (Male) |
| 10:35 | Create | Villager (Male) |
| 11:19 | Age | Feudal Age |
| 11:22 | Build | Stable |
| 11:35 | Build | Blacksmith |
| 11:41 | Create | Villager (Male) |
| 12:43 | Research | Castle Age |
| 13:17 | Create | Villager (Male) |
| 13:31 | Build | Stable |
| 13:36 | Create | Villager (Male) |
| 13:56 | Build | Palisade Gate |
| 14:09 | Research | Bloodlines |
| 14:27 | Build | House |
| 14:28 | Build | House |
| 14:53 | Research | Double-Bit Axe |
| 15:23 | Age | Castle Age |
| 15:24 | Create | Steppe Lancer |
| 15:24 | Create | Steppe Lancer |
| 15:26 | Create | Steppe Lancer |
| 15:26 | Create | Steppe Lancer |
| 15:31 | Research | Forging |
| 15:34 | Build | House |
| 15:35 | Build | House |
| 15:36 | Build | House |
| 15:37 | Build | House |
| 15:43 | Research | Horse Collar |
| 15:43 | Research | Horse Collar |
| 15:57 | Create | Steppe Lancer |
| 15:58 | Create | Steppe Lancer |
| 16:29 | Create | Steppe Lancer |
| 16:29 | Create | Steppe Lancer |
| 16:56 | Create | Steppe Lancer |
| 16:56 | Create | Steppe Lancer |
| 17:02 | Build | Farm |
| 17:03 | Build | Farm |
| 17:04 | Build | Farm |
| 17:05 | Build | Farm |
| 17:24 | Build | Farm |
| 18:01 | Research | Scale Barding Armor |
| 18:16 | Build | Farm |
| 18:24 | Build | Farm |
| 18:33 | Create | Steppe Lancer |
| 18:51 | Build | Farm |
| 18:52 | Build | Farm |
| 18:54 | Build | Farm |
| 18:58 | Create | Steppe Lancer |
| 18:58 | Create | Steppe Lancer |
| 19:15 | Create | Steppe Lancer |
| 19:15 | Create | Steppe Lancer |
| 19:34 | Create | Steppe Lancer |
| 19:42 | Create | Villager (Male) |
| 19:42 | Create | Villager (Male) |
| 20:27 | Create | Steppe Lancer ×2 |
| 20:50 | Create | Villager (Male) |
| 20:51 | Create | Villager (Male) |
| 21:17 | Create | Villager (Male) |
| 21:17 | Create | Villager (Male) |
| 21:23 | Build | Farm |
| 21:24 | Build | Farm |
| 21:24 | Build | Farm |
| 21:32 | Create | Villager (Male) |
| 21:33 | Create | Villager (Male) |
| 22:16 | Create | Villager (Male) ×2 |
| 22:21 | Build | Town Center |
| 22:39 | Create | Villager (Male) ×2 |
| 23:04 | Create | Villager (Male) |
| 23:04 | Create | Villager (Male) |
| 23:20 | Build | Mill |
| 23:21 | Build | Farm |
| 23:21 | Build | Farm |
| 23:22 | Build | Farm |
| 23:22 | Build | Farm |
| 23:22 | Build | Farm |
| 23:22 | Build | Farm |
| 23:23 | Build | Farm |
| 23:23 | Build | Farm |
| 23:31 | Create | Steppe Lancer |
| 23:31 | Create | Steppe Lancer |
| 23:38 | Build | Farm |
| 23:51 | Create | Villager (Male) |
| 23:51 | Create | Villager (Male) |
| 24:07 | Create | Villager (Male) |
| 24:08 | Create | Villager (Male) |
| 24:22 | Build | Farm |
| 24:24 | Create | Villager (Male) |
| 24:24 | Create | Villager (Male) |
| 24:39 | Build | Farm |
| 24:42 | Build | Farm |
| 24:43 | Build | Farm |
| 24:51 | Create | Steppe Lancer ×2 |
| 24:52 | Create | Steppe Lancer ×2 |
| 25:07 | Create | Steppe Lancer |
| 25:32 | Create | Villager (Male) |
| 25:32 | Create | Villager (Male) |
| 25:40 | Build | Town Center |
| 25:42 | Create | Steppe Lancer |
| 25:43 | Create | Steppe Lancer |
| 26:16 | Research | Chain Barding Armor |
| 26:24 | Create | Steppe Lancer |
| 26:24 | Create | Steppe Lancer |
| 26:51 | Create | Steppe Lancer ×2 |
| 26:52 | Create | Steppe Lancer ×2 |
| 27:09 | Create | Steppe Lancer ×3 |
| 27:19 | Build | Stable |
| 27:27 | Create | Villager (Male) |
| 27:36 | Create | Steppe Lancer |
| 27:37 | Create | Steppe Lancer |
| 27:42 | Create | Villager (Male) ×2 |
| 27:51 | Build | House |
| 27:52 | Build | House |
| 27:52 | Build | House |
| 27:52 | Build | House |
| 27:53 | Build | House |
Build order — momotte21
145 actions detected in the replay
| 0:01 | Create | Villager (Male) |
| 0:02 | Create | Villager (Male) |
| 0:02 | Create | Villager (Male) |
| 0:02 | Create | Villager (Male) |
| 0:03 | Build | House |
| 0:07 | Build | House |
| 1:30 | Create | Villager (Male) |
| 1:31 | Create | Villager (Male) |
| 1:55 | Build | Lumber Camp |
| 2:29 | Create | Villager (Male) |
| 2:30 | Create | Villager (Male) |
| 2:30 | Create | Villager (Male) |
| 3:38 | Create | Villager (Male) |
| 3:38 | Create | Villager (Male) |
| 3:39 | Create | Villager (Male) |
| 3:59 | Create | Villager (Male) |
| 3:59 | Create | Villager (Male) |
| 4:19 | Create | Villager (Male) |
| 4:20 | Create | Villager (Male) |
| 4:54 | Create | Villager (Male) |
| 4:54 | Create | Villager (Male) |
| 5:03 | Build | House |
| 5:06 | Build | House |
| 5:26 | Build | Mill |
| 5:46 | Create | Villager (Male) |
| 5:46 | Create | Villager (Male) |
| 5:47 | Create | Villager (Male) |
| 5:47 | Create | Villager (Male) |
| 6:54 | Create | Villager (Male) |
| 6:54 | Create | Villager (Male) |
| 7:26 | Create | Villager (Male) |
| 7:26 | Create | Villager (Male) |
| 7:26 | Create | Villager (Male) |
| 7:26 | Create | Villager (Male) |
| 7:56 | Build | Farm |
| 7:57 | Build | Farm |
| 7:59 | Build | Farm |
| 8:06 | Create | Villager (Male) |
| 8:35 | Create | Villager (Male) |
| 9:19 | Build | Mining Camp |
| 9:31 | Research | Feudal Age |
| 9:53 | Build | Farm |
| 10:30 | Build | Farm |
| 10:34 | Build | Farm |
| 10:45 | Build | Farm |
| 10:47 | Build | Farm |
| 10:49 | Build | Farm |
| 11:22 | Build | Farm |
| 12:06 | Age | Feudal Age |
| 12:15 | Research | Castle Age |
| 12:39 | Research | Double-Bit Axe |
| 12:50 | Research | Horse Collar |
| 13:09 | Create | Villager (Male) |
| 13:10 | Create | Villager (Male) |
| 14:31 | Create | Villager (Male) |
| 14:55 | Age | Castle Age |
| 15:00 | Build | Town Center |
| 15:36 | Build | House |
| 15:38 | Research | Wheelbarrow |
| 15:39 | Create | Villager (Male) |
| 15:47 | Build | House |
| 16:06 | Create | Villager (Male) |
| 16:18 | Build | Town Center |
| 16:59 | Build | Farm |
| 17:00 | Build | Farm |
| 17:00 | Build | Farm |
| 17:00 | Build | Farm |
| 17:09 | Create | Villager (Male) |
| 17:09 | Create | Villager (Male) |
| 17:11 | Create | Villager (Male) |
| 17:11 | Create | Villager (Male) |
| 17:15 | Create | Villager (Male) |
| 17:20 | Build | Farm |
| 17:21 | Build | Farm |
| 18:00 | Create | Villager (Male) |
| 18:01 | Create | Villager (Male) |
| 18:01 | Create | Villager (Male) |
| 18:17 | Build | Farm |
| 18:19 | Build | Farm |
| 18:34 | Create | Villager (Male) |
| 18:35 | Create | Villager (Male) |
| 18:46 | Research | Bow Saw |
| 18:53 | Create | Villager (Male) |
| 18:54 | Create | Villager (Male) |
| 18:54 | Create | Villager (Male) |
| 19:24 | Build | House |
| 19:33 | Create | Villager (Male) |
| 19:33 | Create | Villager (Male) |
| 19:33 | Create | Villager (Male) |
| 19:33 | Create | Villager (Male) |
| 19:34 | Create | Villager (Male) |
| 19:46 | Build | Stone Wall |
| 20:17 | Build | Gate |
| 20:32 | Build | Stone Wall |
| 20:39 | Build | Stone Wall |
| 20:40 | Build | Stone Wall |
| 20:50 | Build | Stone Wall |
| 21:16 | Create | Villager (Male) |
| 21:17 | Create | Villager (Male) |
| 21:17 | Create | Villager (Male) |
| 21:17 | Create | Villager (Male) |
| 21:17 | Create | Villager (Male) |
| 21:18 | Create | Villager (Male) |
| 21:18 | Create | Villager (Male) |
| 21:24 | Research | Stone Mining |
| 21:37 | Create | Villager (Male) |
| 21:37 | Create | Villager (Male) |
| 21:37 | Create | Villager (Male) |
| 21:37 | Create | Villager (Male) |
| 21:37 | Create | Villager (Male) |
| 21:53 | Build | Farm |
| 21:54 | Build | Farm |
| 21:57 | Build | Farm |
| 22:25 | Create | Villager (Male) |
| 22:25 | Create | Villager (Male) |
| 22:26 | Create | Villager (Male) |
| 22:26 | Create | Villager (Male) |
| 22:26 | Create | Villager (Male) |
| 23:10 | Create | Villager (Male) |
| 23:10 | Create | Villager (Male) |
| 23:10 | Create | Villager (Male) |
| 23:10 | Create | Villager (Male) |
| 23:14 | Build | Farm |
| 23:22 | Research | Heavy Plow |
| 23:31 | Research | Stone Shaft Mining |
| 23:46 | Build | Farm |
| 24:33 | Create | Villager (Male) |
| 24:33 | Create | Villager (Male) |
| 24:33 | Create | Villager (Male) |
| 24:33 | Create | Villager (Male) |
| 24:36 | Build | Farm |
| 24:41 | Build | House |
| 24:42 | Build | House |
| 24:51 | Build | Farm |
| 24:55 | Build | Farm |
| 25:01 | Build | Farm |
| 25:03 | Build | Farm |
| 25:05 | Build | Farm |
| 25:07 | Create | Villager (Male) |
| 25:07 | Create | Villager (Male) |
| 25:08 | Create | Villager (Male) |
| 25:08 | Create | Villager (Male) |
| 25:08 | Create | Villager (Male) |
| 25:22 | Build | Castle |
| 26:44 | Build | House |
Build order — Blas de lezo
First 150 of 176 actions detected
| 0:01 | Create | Villager (Male) |
| 0:02 | Create | Villager (Male) |
| 0:02 | Create | Villager (Male) |
| 0:03 | Build | House |
| 0:04 | Build | House |
| 0:05 | Create | Villager (Male) |
| 0:08 | Build | House |
| 1:09 | Research | Loom |
| 1:23 | Create | Villager (Male) |
| 1:43 | Create | Villager (Male) |
| 1:44 | Create | Villager (Male) |
| 2:04 | Build | Palisade Wall |
| 2:07 | Build | Palisade Wall |
| 2:09 | Build | Palisade Wall |
| 2:11 | Build | Palisade Wall |
| 2:23 | Build | Palisade Wall |
| 2:25 | Build | Palisade Wall |
| 2:29 | Build | Palisade Wall |
| 2:31 | Build | Palisade Wall |
| 2:33 | Build | Palisade Wall |
| 2:47 | Create | Villager (Male) |
| 2:47 | Create | Villager (Male) |
| 2:48 | Create | Villager (Male) |
| 3:03 | Build | Palisade Wall |
| 3:04 | Build | Palisade Wall |
| 3:05 | Build | Palisade Wall |
| 3:06 | Build | Palisade Wall |
| 3:06 | Build | Palisade Wall |
| 3:07 | Build | Palisade Wall |
| 3:08 | Build | Palisade Wall |
| 3:08 | Build | Palisade Wall |
| 3:19 | Create | Villager (Male) |
| 3:20 | Create | Villager (Male) |
| 3:20 | Create | Villager (Male) |
| 3:20 | Create | Villager (Male) |
| 3:57 | Create | Villager (Male) |
| 3:58 | Create | Villager (Male) |
| 4:37 | Create | Villager (Male) |
| 4:38 | Create | Villager (Male) |
| 5:06 | Create | Villager (Male) |
| 5:06 | Create | Villager (Male) |
| 5:06 | Create | Villager (Male) |
| 5:06 | Create | Villager (Male) |
| 5:45 | Create | Villager (Male) |
| 6:02 | Create | Villager (Male) |
| 6:17 | Build | Lumber Camp |
| 6:35 | Create | Villager (Male) |
| 6:36 | Create | Villager (Male) |
| 6:36 | Create | Villager (Male) |
| 6:36 | Create | Villager (Male) |
| 7:00 | Create | Villager (Male) |
| 7:00 | Create | Villager (Male) |
| 7:00 | Create | Villager (Male) |
| 7:07 | Build | House |
| 7:55 | Build | Mill |
| 9:21 | Create | Villager (Male) |
| 9:33 | Build | Mining Camp |
| 9:47 | Build | Mining Camp |
| 9:49 | Research | Feudal Age |
| 9:49 | Research | Feudal Age |
| 9:50 | Research | Feudal Age |
| 11:06 | Build | Barracks |
| 11:10 | Build | House |
| 11:20 | Build | House |
| 11:40 | Create | Villager (Male) |
| 11:42 | Create | Villager (Male) |
| 11:59 | Age | Feudal Age |
| 12:08 | Build | Archery Range |
| 12:41 | Create | Archer |
| 12:42 | Create | Archer |
| 12:48 | Create | Villager (Male) |
| 13:12 | Create | Villager (Male) |
| 13:33 | Create | Villager (Male) |
| 13:42 | Build | Blacksmith |
| 14:00 | Build | Farm |
| 14:00 | Build | Farm |
| 14:00 | Build | Farm |
| 14:09 | Create | Villager (Male) |
| 14:10 | Research | Castle Age |
| 14:37 | Create | Archer |
| 14:43 | Research | Double-Bit Axe |
| 14:43 | Research | Double-Bit Axe |
| 15:00 | Build | Farm |
| 15:02 | Build | Farm |
| 15:06 | Create | Archer |
| 15:15 | Build | Farm |
| 15:17 | Build | Farm |
| 15:28 | Create | Archer |
| 15:35 | Research | Horse Collar |
| 15:35 | Research | Horse Collar |
| 16:20 | Research | Fletching |
| 16:20 | Research | Fletching |
| 16:31 | Research | Padded Archer Armor |
| 16:31 | Research | Padded Archer Armor |
| 16:32 | Research | Padded Archer Armor |
| 17:01 | Create | Villager (Male) |
| 17:14 | Age | Castle Age |
| 17:29 | Build | Castle |
| 17:41 | Research | Bow Saw |
| 17:41 | Research | Bow Saw |
| 18:16 | Create | Villager (Male) |
| 18:26 | Build | Lumber Camp |
| 18:30 | Build | Farm |
| 18:30 | Build | Farm |
| 18:30 | Build | Farm |
| 18:30 | Build | Farm |
| 18:30 | Build | Farm |
| 18:31 | Build | Farm |
| 18:31 | Build | Farm |
| 18:33 | Create | Conquistador |
| 18:33 | Create | Conquistador |
| 18:33 | Create | Conquistador |
| 18:49 | Create | Conquistador |
| 18:49 | Create | Conquistador |
| 19:14 | Create | Conquistador |
| 19:21 | Build | Farm |
| 19:23 | Build | Farm |
| 19:24 | Build | Farm |
| 19:55 | Create | Conquistador |
| 19:55 | Create | Conquistador |
| 19:55 | Create | Conquistador |
| 20:22 | Create | Villager (Male) |
| 20:22 | Create | Villager (Male) |
| 20:48 | Create | Villager (Male) |
| 20:57 | Build | Farm |
| 20:57 | Build | Farm |
| 20:57 | Build | Farm |
| 20:58 | Build | Farm |
| 20:58 | Build | Farm |
| 20:58 | Build | Farm |
| 21:07 | Create | Villager (Male) |
| 21:07 | Create | Villager (Male) |
| 21:37 | Create | Conquistador |
| 21:37 | Create | Conquistador |
| 22:18 | Create | Conquistador |
| 22:19 | Create | Villager (Male) |
| 22:19 | Create | Villager (Male) |
| 22:19 | Create | Villager (Male) |
| 22:39 | Create | Conquistador |
| 23:00 | Create | Villager (Male) |
| 23:21 | Create | Villager (Male) |
| 23:31 | Build | Market |
| 23:43 | Create | Villager (Male) |
| 24:04 | Create | Conquistador |
| 24:04 | Create | Conquistador |
| 24:29 | Create | Villager (Male) |
| 24:33 | Build | Siege Workshop |
| 24:39 | Create | Villager (Male) |
| 24:45 | Create | Conquistador |
| 24:45 | Create | Conquistador |
Build order — 阿海
First 150 of 231 actions detected
| 0:02 | Create | Villager (Male) |
| 0:02 | Create | Villager (Male) |
| 0:02 | Create | Villager (Male) |
| 0:03 | Create | Villager (Male) |
| 0:04 | Build | House |
| 0:06 | Build | House |
| 1:03 | Create | Villager (Male) |
| 1:04 | Create | Villager (Male) |
| 1:38 | Create | Villager (Male) |
| 1:47 | Build | Mill |
| 2:17 | Create | Villager (Male) |
| 2:22 | Create | Villager (Male) |
| 2:49 | Create | Villager (Male) |
| 3:10 | Create | Villager (Male) |
| 3:12 | Build | House |
| 3:38 | Create | Villager (Male) |
| 4:31 | Create | Villager (Male) |
| 4:33 | Create | Villager (Male) |
| 4:50 | Create | Villager (Male) |
| 4:50 | Create | Villager (Male) |
| 5:01 | Create | Villager (Male) |
| 5:21 | Create | Villager (Male) |
| 5:21 | Create | Villager (Male) |
| 5:35 | Build | Lumber Camp |
| 5:41 | Create | Villager (Male) |
| 6:23 | Build | House |
| 6:32 | Create | Villager (Male) |
| 6:50 | Create | Villager (Male) |
| 7:05 | Create | Villager (Male) |
| 7:46 | Create | Villager (Male) |
| 8:00 | Build | House |
| 9:05 | Build | Farm |
| 9:40 | Build | Mining Camp |
| 9:45 | Research | Feudal Age |
| 10:05 | Build | Farm |
| 10:09 | Build | Farm |
| 10:24 | Build | House |
| 11:16 | Build | Farm |
| 11:31 | Build | Mining Camp |
| 11:58 | Build | Farm |
| 12:02 | Create | Villager (Male) |
| 12:03 | Create | Villager (Male) |
| 12:03 | Create | Villager (Male) |
| 12:12 | Age | Feudal Age |
| 12:20 | Build | Market |
| 12:27 | Build | Blacksmith |
| 12:49 | Build | Lumber Camp |
| 12:58 | Research | Double-Bit Axe |
| 13:04 | Create | Villager (Male) |
| 13:15 | Build | House |
| 13:15 | Build | House |
| 13:16 | Build | House |
| 13:21 | Research | Castle Age |
| 13:48 | Research | Horse Collar |
| 13:59 | Build | Farm |
| 14:18 | Build | House |
| 14:30 | Create | Villager (Male) |
| 14:30 | Create | Villager (Male) |
| 15:12 | Build | House |
| 15:13 | Build | House |
| 15:18 | Build | House |
| 15:55 | Research | Gold Mining |
| 16:05 | Create | Villager (Male) |
| 16:22 | Build | House |
| 16:32 | Age | Castle Age |
| 16:37 | Build | Monastery |
| 16:43 | Build | Town Center |
| 16:52 | Create | Villager (Male) |
| 16:55 | Build | Town Center |
| 17:01 | Create | Villager (Male) |
| 17:08 | Create | Monk |
| 17:09 | Create | Monk |
| 17:14 | Build | House |
| 17:16 | Build | House |
| 17:48 | Create | Villager (Male) |
| 17:49 | Create | Villager (Male) |
| 17:51 | Build | Farm |
| 17:54 | Create | Villager (Male) |
| 17:54 | Create | Villager (Male) |
| 17:54 | Create | Villager (Male) |
| 17:58 | Build | Farm |
| 18:17 | Build | Farm |
| 18:20 | Create | Villager (Male) |
| 18:21 | Create | Villager (Male) |
| 18:22 | Create | Villager (Male) |
| 18:22 | Create | Villager (Male) |
| 18:29 | Build | Farm |
| 18:35 | Create | Villager (Male) |
| 18:36 | Create | Villager (Male) |
| 18:36 | Create | Villager (Male) |
| 18:40 | Build | Farm |
| 18:44 | Create | Villager (Male) |
| 19:02 | Build | Farm |
| 19:04 | Create | Villager (Male) |
| 19:04 | Create | Villager (Male) |
| 19:04 | Create | Villager (Male) |
| 19:10 | Build | House |
| 19:11 | Build | House |
| 19:17 | Create | Villager (Male) |
| 19:18 | Create | Villager (Male) |
| 19:32 | Build | Farm |
| 19:36 | Create | Villager (Male) |
| 19:44 | Build | Farm |
| 19:44 | Build | Farm |
| 19:47 | Build | Farm |
| 19:48 | Create | Villager (Male) |
| 19:48 | Create | Villager (Male) |
| 19:57 | Create | Villager (Male) |
| 19:59 | Create | Villager (Male) |
| 20:10 | Build | Farm |
| 20:18 | Build | House |
| 20:18 | Build | House |
| 20:19 | Build | House |
| 20:21 | Create | Villager (Male) |
| 20:21 | Create | Villager (Male) |
| 20:25 | Build | Farm |
| 20:30 | Build | Farm |
| 20:33 | Create | Villager (Male) |
| 20:33 | Create | Villager (Male) |
| 20:34 | Create | Villager (Male) |
| 20:42 | Create | Villager (Male) |
| 20:42 | Create | Villager (Male) |
| 20:47 | Build | Farm |
| 20:48 | Build | Farm |
| 20:54 | Create | Villager (Male) |
| 20:54 | Create | Villager (Male) |
| 21:03 | Build | Farm |
| 21:04 | Build | Farm |
| 21:09 | Build | Farm |
| 21:12 | Create | Villager (Male) |
| 21:13 | Create | Villager (Male) |
| 21:28 | Build | Farm |
| 21:32 | Build | Farm |
| 21:35 | Create | Villager (Male) |
| 21:35 | Create | Villager (Male) |
| 21:37 | Create | Villager (Male) |
| 21:49 | Build | Mill |
| 21:54 | Build | Farm |
| 21:59 | Build | Farm |
| 22:02 | Create | Villager (Male) |
| 22:02 | Create | Villager (Male) |
| 22:11 | Create | Villager (Male) |
| 22:12 | Create | Villager (Male) |
| 22:15 | Build | House |
| 22:15 | Build | House |
| 22:16 | Build | House |
| 22:18 | Create | Villager (Male) |
| 22:18 | Create | Villager (Male) |
| 22:18 | Create | Villager (Male) |
| 22:25 | Create | Villager (Male) |
Build order — S.T.A.R.S. Wesker
First 150 of 153 actions detected
| 0:02 | Create | Villager (Male) |
| 0:02 | Create | Villager (Male) |
| 0:02 | Create | Villager (Male) |
| 0:03 | Build | House |
| 0:05 | Build | House |
| 0:18 | Research | Loom |
| 0:31 | Create | Villager (Male) |
| 0:31 | Create | Villager (Male) |
| 0:31 | Create | Villager (Male) |
| 0:32 | Create | Villager (Male) |
| 0:55 | Build | Palisade Wall |
| 1:46 | Build | House |
| 1:48 | Build | House |
| 2:11 | Create | Villager (Male) |
| 2:11 | Create | Villager (Male) |
| 2:11 | Create | Villager (Male) |
| 2:34 | Create | Villager (Male) |
| 2:34 | Create | Villager (Male) |
| 3:05 | Create | Villager (Male) |
| 3:05 | Create | Villager (Male) |
| 3:05 | Create | Villager (Male) |
| 3:26 | Create | Villager (Male) |
| 3:26 | Create | Villager (Male) |
| 3:26 | Create | Villager (Male) |
| 3:40 | Create | Villager (Male) |
| 3:40 | Create | Villager (Male) |
| 3:40 | Create | Villager (Male) |
| 4:23 | Create | Villager (Male) |
| 4:24 | Create | Villager (Male) |
| 4:42 | Build | Palisade Wall |
| 4:46 | Create | Villager (Male) |
| 4:47 | Create | Villager (Male) |
| 4:47 | Create | Villager (Male) |
| 4:47 | Create | Villager (Male) |
| 4:47 | Create | Villager (Male) |
| 5:10 | Create | Villager (Male) |
| 5:10 | Create | Villager (Male) |
| 5:14 | Create | Villager (Male) |
| 5:24 | Create | Villager (Male) |
| 5:24 | Create | Villager (Male) |
| 5:27 | Create | Villager (Male) |
| 5:27 | Create | Villager (Male) |
| 5:28 | Create | Villager (Male) |
| 5:56 | Create | Villager (Male) |
| 5:56 | Create | Villager (Male) |
| 7:10 | Build | Mill |
| 7:53 | Create | Villager (Male) |
| 7:53 | Create | Villager (Male) |
| 7:58 | Build | Mining Camp |
| 8:17 | Build | Palisade Wall |
| 8:41 | Research | Feudal Age |
| 9:13 | Build | Palisade Wall |
| 9:43 | Create | Villager (Male) |
| 9:43 | Create | Villager (Male) |
| 10:07 | Create | Villager (Male) |
| 10:53 | Age | Feudal Age |
| 10:56 | Build | Watch Tower |
| 11:04 | Build | Stone Wall |
| 11:10 | Build | Stone Wall |
| 11:32 | Build | Stone Wall |
| 11:56 | Research | Wheelbarrow |
| 11:58 | Research | Horse Collar |
| 12:07 | Build | Lumber Camp |
| 12:27 | Build | House |
| 12:49 | Build | Stone Wall |
| 12:53 | Build | Stone Wall |
| 13:02 | Create | Villager (Male) |
| 13:02 | Create | Villager (Male) |
| 13:02 | Create | Villager (Male) |
| 13:02 | Create | Villager (Male) |
| 13:03 | Create | Villager (Male) |
| 13:03 | Create | Villager (Male) |
| 13:03 | Create | Villager (Male) |
| 13:03 | Create | Villager (Male) |
| 13:03 | Create | Villager (Male) |
| 13:04 | Create | Villager (Male) |
| 13:04 | Create | Villager (Male) |
| 13:20 | Build | House |
| 13:21 | Build | House |
| 13:57 | Research | Double-Bit Axe |
| 14:33 | Build | Farm |
| 15:20 | Build | Farm |
| 15:40 | Build | House |
| 15:42 | Build | House |
| 15:44 | Create | Villager (Male) |
| 15:57 | Build | Mining Camp |
| 16:02 | Build | Farm |
| 16:09 | Build | Market |
| 16:12 | Build | Blacksmith |
| 16:16 | Create | Villager (Male) |
| 16:29 | Build | Farm |
| 16:39 | Create | Villager (Male) |
| 17:02 | Create | Villager (Male) |
| 17:05 | Create | Villager (Male) |
| 17:05 | Create | Villager (Male) |
| 17:10 | Build | Farm |
| 17:43 | Build | Farm |
| 18:08 | Build | Farm |
| 18:10 | Build | Farm |
| 18:18 | Build | Farm |
| 18:30 | Research | Castle Age |
| 18:30 | Research | Castle Age |
| 18:34 | Build | House |
| 19:12 | Build | House |
| 19:29 | Create | Villager (Male) |
| 19:29 | Create | Villager (Male) |
| 20:17 | Create | Villager (Male) |
| 20:39 | Create | Villager (Male) |
| 21:10 | Age | Castle Age |
| 21:14 | Create | Villager (Male) |
| 21:28 | Build | Castle |
| 21:29 | Build | Castle |
| 21:40 | Create | Villager (Male) |
| 21:42 | Research | Bow Saw |
| 21:44 | Research | Fletching |
| 22:28 | Research | Bodkin Arrow |
| 22:51 | Create | War Wagon |
| 22:51 | Create | War Wagon |
| 22:52 | Create | War Wagon |
| 22:52 | Create | War Wagon |
| 22:57 | Build | Mining Camp |
| 22:58 | Create | Villager (Male) |
| 22:58 | Create | Villager (Male) |
| 22:59 | Create | Villager (Male) |
| 23:20 | Create | Villager (Male) |
| 23:24 | Create | Petard |
| 23:31 | Create | Petard |
| 23:52 | Create | War Wagon |
| 23:52 | Create | War Wagon |
| 24:01 | Build | Siege Workshop |
| 24:06 | Create | War Wagon |
| 24:06 | Create | War Wagon |
| 24:25 | Create | War Wagon |
| 24:26 | Create | War Wagon |
| 24:30 | Create | Villager (Male) |
| 24:32 | Create | War Wagon |
| 24:42 | Build | House |
| 24:43 | Build | House |
| 24:48 | Create | War Wagon |
| 25:08 | Create | Iron Pagoda |
| 25:13 | Create | Villager (Male) |
| 25:14 | Create | Villager (Male) |
| 25:22 | Build | Farm |
| 25:52 | Create | War Wagon |
| 26:05 | Create | War Wagon |
| 26:41 | Create | War Wagon |
| 26:43 | Create | Villager (Male) |
| 26:43 | Create | Villager (Male) |
| 26:44 | Create | Villager (Male) |
| 27:09 | Create | War Wagon |
Match timeline
| 0:55 | S.T.A.R.S. Wesker · wall_segment Palisade Wall x15 |
| 2:04 | Blas de lezo · wall_segment Palisade Wall x1 |
| 2:07 | Blas de lezo · wall_segment Palisade Wall x1 |
| 2:09 | Blas de lezo · wall_segment Palisade Wall x1 |
| 2:11 | Blas de lezo · wall_segment Palisade Wall x1 |
| 2:23 | Blas de lezo · wall_segment Palisade Wall x1 |
| 2:25 | Blas de lezo · wall_segment Palisade Wall x1 |
| 2:29 | Blas de lezo · wall_segment Palisade Wall x1 |
| 2:31 | Blas de lezo · wall_segment Palisade Wall x1 |
| 2:33 | Blas de lezo · wall_segment Palisade Wall x1 |
| 3:03 | Blas de lezo · wall_segment Palisade Wall x4 |
| 3:04 | Blas de lezo · wall_segment Palisade Wall x1 |
| 3:05 | Blas de lezo · wall_segment Palisade Wall x1 |
| 3:06 | Blas de lezo · wall_segment Palisade Wall x1 |
| 3:06 | Blas de lezo · wall_segment Palisade Wall x1 |
| 3:07 | Blas de lezo · wall_segment Palisade Wall x1 |
| 3:08 | Blas de lezo · wall_segment Palisade Wall x1 |
| 3:08 | Blas de lezo · wall_segment Palisade Wall x1 |
| 3:56 | Diegote · wall_segment Palisade Wall x4 |
| 3:57 | Diegote · wall_segment Palisade Wall x1 |
| 3:57 | Diegote · wall_segment Palisade Wall x1 |
| 3:57 | Diegote · wall_segment Palisade Wall x1 |
| 3:57 | Diegote · wall_segment Palisade Wall x1 |
| 3:58 | Diegote · wall_segment Palisade Wall x3 |
| 3:58 | Diegote · wall_segment Palisade Wall x2 |
| 3:59 | Diegote · wall_segment Palisade Wall x1 |
| 3:59 | Diegote · wall_segment Palisade Wall x1 |
| 4:00 | Diegote · wall_segment Palisade Wall x1 |
| 4:32 | 10jason07 · first_building Barracks |
| 4:42 | S.T.A.R.S. Wesker · wall_segment Palisade Wall x1 |
| 5:36 | Diegote · wall_segment Palisade Wall x1 |
| 6:11 | Diegote · wall_segment Palisade Wall x1 |
| 6:12 | Diegote · wall_segment Palisade Wall x1 |
| 6:13 | Diegote · wall_segment Palisade Wall x1 |
| 8:17 | S.T.A.R.S. Wesker · wall_segment Palisade Wall x10 |
| 8:44 | word.exe · first_building Barracks |
| 8:50 | 10jason07 · age_up feudal |
| 9:05 | 10jason07 · first_building Archery Range |
| 9:13 | S.T.A.R.S. Wesker · wall_segment Palisade Wall x5 |
| 9:43 | Diegote · wall_segment Palisade Wall x9 |
| 10:15 | Diegote · wall_segment Palisade Wall x1 |
| 10:39 | Diegote · first_building Barracks |
| 10:42 | Diegote · wall_segment Palisade Wall x1 |
| 10:43 | Diegote · wall_segment Palisade Wall x1 |
| 10:44 | Diegote · wall_segment Palisade Wall x1 |
| 10:53 | S.T.A.R.S. Wesker · age_up feudal |
| 10:54 | Basara · age_up feudal |
| 11:04 | S.T.A.R.S. Wesker · wall_segment Stone Wall x1 |
| 11:06 | Blas de lezo · first_building Barracks |
| 11:10 | S.T.A.R.S. Wesker · wall_segment Stone Wall x1 |
| 11:19 | word.exe · age_up feudal |
| 11:22 | Diegote · age_up feudal |
| 11:22 | word.exe · first_building Stable |
| 11:32 | S.T.A.R.S. Wesker · wall_segment Stone Wall x1 |
| 11:58 | Diegote · first_building Archery Range |
| 11:59 | Blas de lezo · age_up feudal |
| 12:00 | Diegote · wall_segment Palisade Wall x1 |
| 12:06 | momotte21 · age_up feudal |
| 12:08 | Blas de lezo · first_building Archery Range |
| 12:12 | 阿海 · age_up feudal |
| 12:49 | S.T.A.R.S. Wesker · wall_segment Stone Wall x4 |
| 12:53 | S.T.A.R.S. Wesker · wall_segment Stone Wall x5 |
| 14:32 | Basara · age_up castle |
| 14:55 | momotte21 · age_up castle |
| 15:23 | word.exe · age_up castle |
| 16:03 | Diegote · wall_segment Palisade Wall x1 |
| 16:03 | Diegote · wall_segment Palisade Wall x1 |
| 16:04 | Diegote · wall_segment Palisade Wall x1 |
| 16:04 | Diegote · wall_segment Palisade Wall x1 |
| 16:32 | 阿海 · age_up castle |
| 16:37 | 阿海 · first_building Monastery |
| 17:14 | Blas de lezo · age_up castle |
| 17:21 | Basara · first_market_sell 100 wood |
| 17:22 | Basara · first_market_buy 100 stone |
| 17:29 | Blas de lezo · first_building Castle |
| 17:34 | Diegote · wall_segment Stone Wall x1 |
| 18:29 | Diegote · wall_segment Stone Wall x9 |
| 19:22 | Diegote · wall_segment Stone Wall x1 |
| 19:24 | Diegote · wall_segment Stone Wall x7 |
| 19:29 | 10jason07 · age_up castle |
| 19:46 | Basara · first_building Monastery |
| 19:46 | momotte21 · wall_segment Stone Wall x7 |
| 19:49 | Diegote · wall_segment Stone Wall x1 |
| 20:32 | momotte21 · wall_segment Stone Wall x1 |
| 20:39 | momotte21 · wall_segment Stone Wall x1 |
| 20:40 | momotte21 · wall_segment Stone Wall x1 |
| 20:50 | momotte21 · wall_segment Stone Wall x1 |
| 21:10 | S.T.A.R.S. Wesker · age_up castle |
| 21:12 | Diegote · wall_segment Stone Wall x8 |
| 21:24 | S.T.A.R.S. Wesker · first_market_buy 100 stone |
| 21:25 | 10jason07 · first_building Castle |
| 21:28 | S.T.A.R.S. Wesker · first_building Castle |
| 23:04 | 阿海 · first_building Castle |
| 23:07 | Diegote · first_market_sell 100 stone |
| 23:09 | Diegote · first_market_buy 100 food |
| 24:01 | S.T.A.R.S. Wesker · first_building Siege Workshop |
| 24:25 | 阿海 · wall_segment Stone Wall x4 |
| 24:33 | Blas de lezo · first_building Siege Workshop |
| 24:43 | Blas de lezo · first_market_sell 100 food |
| 25:22 | momotte21 · first_building Castle |
| 25:50 | Diegote · resign |
| 26:29 | 阿海 · first_building Barracks |
| 26:58 | Basara · first_building Barracks |
| 27:16 | 阿海 · first_building Stable |
| 27:43 | Basara · first_building Stable |
[ AI ANALYSIS · 1 CREDIT ]
What really happened in this match?
Wolo.gg analyzes every decision: build order, eco, micro, common mistakes by bracket. Personalized analysis on WhatsApp or Discord in 30 seconds.
Civ guide
Persians
Perfil
Jugador #2832696